 Dungeon Crawl Stone Soup version 0.17.1-3-g152610e (webtiles) character file.

182 Charly the Cleaver (level 5, -3/42 HPs)
             Began as a Hill Orc Gladiator on Apr 30, 2016.
             Was an Initiate of Makhleb.
             Shot with an arrow by a centaur (8 damage)
             ... on level 6 of the Dungeon.
             The game lasted 00:09:11 (404 turns).

Charly the Cleaver (Hill Orc Gladiator)              Turns: 404, Time: 00:09:11

Health: -3/42      AC:  9    Str: 18    XL:     5   Next: 61%
Magic:  5/5        EV:  7    Int:  8    God:    Makhleb [......]
Gold:   25         SH:  0    Dex: 12    Spells: 0 memorised, 4 levels left

rFire  . . .     SeeInvis .     a - +0 war axe
rCold  . . .     Clarity  .     m - +0 chain mail
rNeg   . . .     SustAt   .     (no shield)
rPois  .         Gourm    .     c - +0 helmet
rElec  .         Spirit   .     (no cloak)
rCorr  .         Warding  .     (no gloves)
rMut   .         Stasis   .     (no boots)
MR     .....                    (no amulet)
Stlth  ..........               (no ring)
                                (no ring)

@: lethally poisoned (-3 -> -4), not resistant to hostile enchantments,
extremely unstealthy
A: no striking features
a: Renounce Religion


You were on level 6 of the Dungeon.
You worshipped Makhleb.
Makhleb was noncommittal.
You were not hungry.

You visited 2 branches of the dungeon, and saw 7 of its levels.

You collected 25 gold pieces.

Inventory:

Hand Weapons
 a - a +0 war axe (weapon)
Missiles
 d - a throwing net (quivered)
Armour
 c - a +0 helmet (worn)
 m - a +0 chain mail (worn)
Wands
 n - a wand of draining (0)
Scrolls
 b - a scroll of torment {unknown}
 g - a scroll of fear {unknown}
 i - a scroll of recharging
 j - a scroll of enchant weapon {unknown}
 k - a scroll of remove curse {unknown}
Potions
 f - a potion of curing
 l - a potion of poison {unknown}
Comestibles
 e - 2 bread rations


   Skills:
 - Level 2.4 Fighting
 + Level 8.1 Axes
 - Level 1.7 Throwing
 - Level 2.4 Dodging


You had 4 spell levels left.
You didn't know any spells.

Dungeon Overview and Level Annotations

Branches:
Dungeon (6/15)             Temple (1/1) D:4

Altars:
Cheibriados
Dithmenos
Elyvilon
Fedhas
Gozag
Makhleb
Nemelex Xobeh
Okawaru
Qazlal
Sif Muna
Xom
The Shining One

Annotations:
D:4 Grinder


Message History

The orc warrior throws a stone.
The stone hits you but does no damage.
Found a stone, 11 gold pieces and a bread ration.
Found a stone staircase leading up.
A giant cockroach and an orc come into view.
You see here a stone.
Read which item? (? for menu, Esc to quit)
As you read the scroll of teleportation, it crumbles to dust.
You feel strangely unstable.
You feel sick. The orc barely misses you. The orc hits you but does no damage.
The giant cockroach bites you but does no damage.
Your surroundings suddenly seem different.
A centaur comes into view.
The centaur shouts!
The centaur wields a shortbow.
The centaur shoots an arrow.
The arrow closely misses you.
Found a chain mail.
Found an escape hatch in the floor.
Found a stone staircase leading down.
A wyvern comes into view.
You feel sick.
The centaur shoots an arrow.
The arrow hits you!
You die...

##>........ ##.###.....
..........# ###..#)[.#...
.%.<#
...........##.....)####..
.....
..............#.#### #..
..... .........##.###.##
#.# ...#.
#........(.......# #.#
..... #................#
#.# ....#
#...l....#.......# #..
..... .......[@#.......#
##. ...#
##......##.......# . ####
.........#.......# #
##.....#.........#
#c...#####......# #....#
##......# # #....#
##......##.#
#####..o.###............
........ooS.............


You could see a wyvern, a centaur and an orc wizard.

Vanquished Creatures
  An ogre (D:6)
  A hound (D:6)
  An orc wizard (D:6)
  A worker ant (D:4)
  An adder skeleton (D:6)
  3 orcs (D:6)
  A bat (D:2)
  2 giant cockroaches
  A hobgoblin (D:1)
  A jackal skeleton (D:6)
13 creatures vanquished.

Notes
Turn   | Place    | Note
--------------------------------------------------------------
     0 | D:1      | Charly the Hill Orc Gladiator began the quest for the Orb.
     0 | D:1      | Reached XP level 1. HP: 18/18 MP: 1/1
   100 | D:2      | You fall through a shaft for 2 floors!
   100 | D:4      | Noticed a worker ant
   105 | D:4      | Killed a worker ant
   105 | D:4      | Reached skill level 5 in Axes
   105 | D:4      | Reached XP level 2. HP: 23/25 MP: 2/2
   105 | D:4      | Reached XP level 3. HP: 27/30 MP: 3/3
   134 | D:4      | Found a blossoming altar of Fedhas.
   134 | D:4      | Found a stormy altar of Qazlal.
   134 | D:4      | Found an iron altar of Okawaru.
   134 | D:4      | Noticed Grinder
   138 | D:4      | waste re
   166 | D:4      | Found a glowing golden altar of the Shining One.
   166 | D:4      | Found an opulent altar of Gozag.
   181 | D:4      | Found a staircase to the Ecumenical Temple.
   186 | D:4      | Noticed a scorpion
   191 | Temple   | Entered the Ecumenical Temple
   216 | Temple   | Became a worshipper of Makhleb the Destroyer
   264 | D:5      | Entered Level 5 of the Dungeon
   336 | D:6      | Noticed an ogre
   336 | D:6      | Reached skill level 6 in Axes
   336 | D:6      | Reached XP level 4. HP: 33/37 MP: 4/4
   349 | D:6      | Killed an ogre
   349 | D:6      | Reached skill level 8 in Axes
   349 | D:6      | Reached XP level 5. HP: 9/42 MP: 5/5
   383 | D:6      | Noticed an orc warrior
   399 | D:6      | Noticed an orc warrior
   403 | D:6      | Noticed a centaur
   404 | D:6      | Noticed a wyvern
   404 | D:6      | Shot with an arrow by a centaur

Action                   |  1- 3 |  4- 6 || total
-------------------------+-------+-------++-------
Melee: War axe           |    29 |    12 ||    41
Throw: Throwing net      |     2 |     2 ||     4
Evoke: Wand              |       |     1 ||     1
  Use: Scroll            |     3 |     2 ||     5
